 Dungeon Sprint DCSS version 0.27.1-33-g824d729ab1 (webtiles) character file.

Game seed: 14858387129607382998

1362 Groucho the Protected (level 8, 0/81 HPs)
             Began as a Minotaur Fighter on Nov 27, 2021.
             Was a Priest of Uskayaw.
             Slain by an unseen horror (5 damage)
             ... in the Dungeon (Sprint IX: "|||||||||||||||||||||||||||||").
             The game lasted 00:02:30 (682 turns).

Groucho the Protected (Minotaur Fighter)             Turns: 682, Time: 00:02:30

Health: 0/81       AC: 10    Str: 24    XL:     8   Next: 37%
Magic:  4/12       EV:  9    Int:  5    God:    Uskayaw [***...]
Gold:   0          SH: 13    Dex: 15    Spells: 7/7 levels left

rFire    . . .     SeeInvis .   n - +2 scimitar (flame)
rCold    . . .     Faith    .   c - +0 kite shield
rNeg     . . .     Spirit   .   o - +2 ring mail
rPois    .         Reflect  .   (helmet restricted)
rElec    .         Harm     .   (no cloak)
rCorr    .         Rampage  .   (no gloves)
Will     .....     NoTele   +   a - +0 pair of boots
Stlth    +.........             (no amulet)
HPRegen  0.23/turn              p - +3 ring of strength
MPRegen  0.13/turn              q - +3 ring of dexterity

@: very slightly contaminated, invisible
A: horns 2, retaliatory headbutt
a: Renounce Religion, Stomp, Line Pass


You were in the Dungeon.
You worshipped Uskayaw.
Uskayaw was noncommittal.
You visited 1 branch

Inventory:

Hand Weapons
 n - a +2 scimitar of flaming (weapon)
Armour
 a - a +0 pair of boots (worn)
 b - a +0 scale mail
 c - a +0 kite shield (worn)
 o - a +2 ring mail (worn)
Jewellery
 p - a +3 ring of strength (left hand)
 q - a +3 ring of dexterity (right hand)
Wands
 m - a wand of iceblast (10)
Scrolls
 j - 2 scrolls of blinking
 l - 2 scrolls of amnesia
Potions
 d - a potion of might
 g - a potion of haste
 h - 4 potions of magic
 i - a potion of berserk rage
 k - a potion of curing


   Skills:
 + Level 10.9 Fighting
 + Level 10.6 Long Blades
 + Level 10.9 Armour
 + Level 10.9 Shields
 + Level 7.0 Invocations


You had 7 spell levels left.
You didn't know any spells.
Your spell library was empty.

Dungeon Overview and Level Annotations

Branches:
Dungeon (1/1)

Altars:
Cheibriados
Dithmenos
Elyvilon
Fedhas
Gozag
Hepliaklqana
Kikubaaqudgha
Makhleb
Nemelex Xobeh
Okawaru
Qazlal
Ru
Sif Muna
Trog
Uskayaw
Vehumet
Wu Jian
Xom
Yredelemnul
Zin
The Shining One
Beogh
Jiyva
Lugonu


Innate Abilities, Weirdness & Mutations

You have a pair of horns on your head.
You reflexively headbutt those who attack you in melee.


Message History

You can no longer merge with and destroy a victim.
You open the door.
A hydra, an ugly thing, a kobold demonologist and 2 cyclopes come into view.
The seven-headed hydra roars!
The purple ugly thing gurgles horribly!
The cyclops shouts!
Something hits you!
* * * LOW HITPOINT WARNING * * *
Deactivating autopickup; reactivate with Ctrl-A.
Unknown command.
Something is blocking the doorway!
The cyclops shouts!
The purple ugly thing gurgles horribly!
The seven-headed hydra roars!
Something hits you.
* * * LOW HITPOINT WARNING * * *
Something hits you.
* * * LOW HITPOINT WARNING * * *
Unknown command.
You feel better.
The purple ugly thing gurgles horribly!
Something hits you but does no damage. Something hits you.
* * * LOW HITPOINT WARNING * * *
You hit something. You burn something. You headbutt something.
The purple ugly thing gurgles horribly!
The seven-headed hydra roars!
Something hits you but does no damage.
Unknown command.
Unknown command.
The purple ugly thing gurgles horribly!
You hit something but do no damage. Your headbutt misses something.
Something hits you.
* * * LOW HITPOINT WARNING * * *
Something hits you.
* * * LOW HITPOINT WARNING * * *
The seven-headed hydra roars!
You slash something! You burn something.
The seven-headed hydra roars!
Something hits you but does no damage.
You slash something! You burn something. You headbutt something.
The purple ugly thing gurgles horribly!
The seven-headed hydra roars!
Something hits you.
You die... ▓▓▓▓▓▓▓▓▓▓▓▓▓▓▓▓▓▓▓▓▓▓▓▓ .CCuKD{@...).)....[.)..' ▓▓▓▓▓▓▓▓▓▓▓▓▓▓▓▓▓▓▓▓▓▓▓▓

You could see a seven-headed hydra (wandering), a purple ugly thing (wandering), 2 cyclopes and a kobold demonologist.

Vanquished Creatures
  A two-headed ogre (D)
  A troll (D)
  A yak (D)
  An acid dragon (D)
  A centaur (D)
  A kobold brigand (D)
  A gnoll sergeant (D)
  A hound (D)
  An orc wizard (D)
  An orc (D)
  A giant cockroach (D)
  A goblin (D)
  A jackal (D)
  A kobold (D)
  A ball python (D)
  A ball python skeleton (D)
16 creatures vanquished.

Notes
Turn   | Place    | Note
-------+----------+-------------------------------------------
     0 | D        | Groucho the Minotaur Fighter began the quest for the Orb.
     0 | D        | Reached XP level 1. HP: 19/19 MP: 0/0
    24 | D        | Noticed an orc wizard
    24 | D        | Noticed a centaur
    24 | D        | Noticed a hound
    32 | D        | Reached XP level 2. HP: 23/28 MP: 1/1
    37 | D        | Reached skill level 5 in Fighting
    37 | D        | Reached skill level 5 in Armour
    37 | D        | Reached skill level 5 in Shields
    37 | D        | Reached XP level 3. HP: 16/36 MP: 2/2
    42 | D        | Killed a centaur
    43 | D        | Reached XP level 4. HP: 17/45 MP: 3/3
    49 | D        | Reached XP level 5. HP: 20/52 MP: 4/4
   536 | D        | Found a snail-covered altar of Cheibriados.
   536 | D        | Found a shadowy altar of Dithmenos.
   536 | D        | Found a white marble altar of Elyvilon.
   536 | D        | Found a blossoming altar of Fedhas.
   536 | D        | Found an opulent altar of Gozag.
   537 | D        | Found a hazy altar of Hepliaklqana.
   538 | D        | Found a viscous altar of Jiyva.
   539 | D        | Found an ancient bone altar of Kikubaaqudgha.
   540 | D        | Found a corrupted altar of Lugonu.
   541 | D        | Found a burning altar of Makhleb.
   542 | D        | Found a sparkling altar of Nemelex Xobeh.
   543 | D        | Found an iron altar of Okawaru.
   544 | D        | Found a stormy altar of Qazlal.
   545 | D        | Found a sacrificial altar of Ru.
   546 | D        | Found a shimmering blue altar of Sif Muna.
   547 | D        | Found a bloodstained altar of Trog.
   548 | D        | Found a hide-covered altar of Uskayaw.
   549 | D        | Found a radiant altar of Vehumet.
   550 | D        | Found an ornate altar of the Wu Jian Council.
   551 | D        | Found a shimmering altar of Xom.
   552 | D        | Found a basalt altar of Yredelemnul.
   553 | D        | Found a glowing silver altar of Zin.
   554 | D        | Found a glowing golden altar of the Shining One.
   600 | D        | Became a worshipper of Uskayaw the Reveller
   645 | D        | Noticed an acid dragon
   645 | D        | Noticed a yak
   645 | D        | Noticed a troll
   645 | D        | Noticed a two-headed ogre
   647 | D        | Reached * piety under Uskayaw
   650 | D        | Reached ** piety under Uskayaw
   652 | D        | HP: 1/53 [two-headed ogre (8)]
   655 | D        | Reached *** piety under Uskayaw
   656 | D        | Killed a two-headed ogre
   657 | D        | Reached skill level 10 in Fighting
   657 | D        | Reached skill level 10 in Armour
   657 | D        | Reached skill level 10 in Shields
   657 | D        | Reached XP level 6. HP: 3/66 MP: 5/9
   657 | D        | Reached XP level 7. HP: 4/72 MP: 5/10
   659 | D        | Reached **** piety under Uskayaw
   665 | D        | Killed a yak
   666 | D        | Reached skill level 10 in Long Blades
   666 | D        | Reached XP level 8. HP: 11/80 MP: 2/11
   666 | D        | Reached ***** piety under Uskayaw
   668 | D        | Killed a troll
   676 | D        | Noticed a cyclops
   676 | D        | Noticed a cyclops
   676 | D        | Noticed a kobold demonologist
   676 | D        | Noticed a purple ugly thing
   676 | D        | Noticed a seven-headed hydra
   680 | D        | HP: 4/81 [something (4)]
   682 | D        | Slain by an unseen horror

Illustrated notes

Levels and vault maps discovered:
D:        linesprint [early_d, line_temple, items_1, d_10, items_2, lair_1,
          lair_end, items_3, orc_1, orc_end, items_4, d_15, swamp_1, shoals_1,
          snake_1, spider_1, d_20, vaults_1, items_5, swamp_end, shoals_end,
          snake_end, spider_end, vaults_end, d_27, items_6, zot_1, zot_end,
          crypt_end, forest_end, elf_end, slime_end, tomb_end, abyss_end,
          pan_hell_end]

Skill      XL: |  1  2  3  4  5  6  7  8 |
---------------+-------------------------+-----
Fighting       | 4 5 6 7 10 | 10.9
Long Blades    | 3 4 6 9 10 | 10.6
Armour         | 4 5 6 7 10 | 10.9
Shields        | 4 5 6 7 10 | 10.9
Invocations    | 6 7 |  7.0

Action                   |  1- 3 |  4- 6 |  7- 9 || total
-------------------------+-------+-------+-------++-------
Melee: Long sword        |    29 |     5 |       ||    34
       Headbutt          |     5 |     4 |     3 ||    12
       Scimitar          |       |     8 |    11 ||    19
Invok: Line Pass         |       |       |     1 ||     1
  Use: Potion            |       |     4 |     4 ||     8
 Stab: Paralysed         |       |     1 |     1 ||     2
Armor: Scale mail        |    13 |       |       ||    13
       Ring mail         |       |     1 |     8 ||     9
Dodge: Dodged            |    11 |     4 |     4 ||    19
Block: Kite shield       |    27 |    13 |     8 ||    48
       Rpst.: Long sword |     3 |     1 |       ||     4
       Scimitar          |       |     1 |       ||     1
